 Dungeon Crawl Stone Soup version 0.29.1-15-g9cfb28693d (webtiles) character file.

Game seed: 2291918334926718150

34878 MacCMillion the Spry (level 13, 0/83 HPs)
             Began as a Felid Summoner on Mar 14, 2023.
             Was an Initiate of Gozag.
             Blown up by an orb spider (83 damage)
             ... with an orb of destruction
             ... on level 1 of the Spider Nest.
             The game lasted 01:41:40 (38228 turns).

MacCMillion the Spry (Felid Summoner)              Turns: 38228, Time: 01:41:40

Health: 0/83       AC: 26    Str:  4    XL:     13   Next: 44%
Magic:  21/28      EV: 29    Int: 23    God:    Gozag
Gold:   3419       SH:  0    Dex: 18    Spells: 2/32 levels left
                                        Lives:  0   Deaths: 3

rFire   . . .      SeeInvis +   (weapon unavailable)
rCold   + . .      Faith    .   (shield unavailable)
rNeg    + . .      Spirit   .   (body armour unavailable)
rPois   ∞          Reflect  .   (helmet unavailable)
rElec   +          Harm     .   (cloak unavailable)
rCorr   .          Rampage  .   (gloves unavailable)
Will    ++...                   (boots unavailable)
Stlth   ++........              C - amulet of Vitality {RegenMP++ Regen++}
HPRegen 1.83/turn               z - ring of protection from cold
MPRegen 1.01/turn               G - ring of willpower

@: statue-form, gold aura, very slow
A: slow and powerful, torment resistance 1, boosted hp, very small, claws 1,
fangs 3, see invisible, (speed 1), (shaggy fur 3), stealthy paws, no weapons or
thrown items, no armour, multi-lived
a: End Transformation, Renounce Religion, Potion Petition, Call Merchant, Bribe
Branch


You were on level 1 of the Spider Nest.
You worshipped Gozag.
Gozag was most pleased with you.
You were a living statue of rough stone.
You visited 5 branches of the dungeon, and saw 24 of its levels.
You also visited: Bailey.

You collected 6559 gold pieces.
You spent 604 gold pieces at shops.
You paid 2536 gold pieces to Gozag.

Inventory:

Jewellery
 b - a ring of flight
 z - a ring of protection from cold (left paw)
 C - the amulet of Vitality (around neck) {RegenMP++ Regen++}
   (You found it on level 9 of the Dungeon)

   [amulet of magic regeneration]

   It increases your rate of magic regeneration.
   Regen:     It increases your rate of health regeneration.
 F - an amulet of magic regeneration
 G - a ring of willpower (right paw)
 I - an amulet of guardian spirit
 M - a ring of ice
Wands
 w - a wand of mindburst (15)
 y - a wand of charming (15)
 E - a wand of polymorph (2)
 H - a wand of flame (4)
 K - a wand of roots (3)
Scrolls
 d - 5 scrolls of blinking
 e - 5 scrolls of enchant armour
 f - 7 scrolls of noise
 i - 4 scrolls of fear
 l - 3 scrolls of amnesia
 n - 2 scrolls of torment
 o - 3 scrolls of teleportation
 q - 4 scrolls of poison
 u - 2 scrolls of brand weapon
 A - 3 scrolls of immolation
 D - 4 scrolls of vulnerability
 J - 2 scrolls of magic mapping
 O - a scroll of identify
 P - a scroll of butterflies
Potions
 a - 3 potions of magic
 c - 6 potions of flight
 g - 4 potions of heal wounds
 h - 15 potions of curing
 j - 5 potions of might
 k - 3 potions of mutation
 m - 3 potions of resistance
 p - a potion of ambrosia
 r - 3 potions of degeneration
 s - 4 potions of haste
 t - 5 potions of attraction {unknown}
 v - 2 potions of berserk rage
 x - 3 potions of invisibility {unknown}
 B - 2 potions of brilliance {unknown}
 N - 5 potions of lignification {unknown}
Miscellaneous
 L - a condenser vane (inert)


   Skills:
 - Level 11.8 Fighting
 - Level 15.3 Dodging
 - Level 2.6 Stealth
 - Level 10.0 Spellcasting
 - Level 5.0 Hexes
 + Level 11.1 Summonings
 - Level 8.3 Translocations
 - Level 12.9 Transmutations
 - Level 7.0 Air Magic
 - Level 7.0 Earth Magic


You had 2 spell levels left.
You knew the following spells:

 Your Spells              Type           Power      Damage    Failure   Level
a - Summon Cactus Giant   Summ           29%        N/A       9%          6
b - Call Canine Familiar  Summ           58%        N/A       1%          3
c - Summon Guardian Gole  Hex/Summ       48%        N/A       1%          3
d - Summon Lightning Spi  Summ/Air       52%        N/A       1%          4
e - Blink                 Tloc           98%        N/A       1%          2
f - Statue Form           Tmut/Erth      36%        N/A       14%         6
g - Manifold Assault      Tloc           49%        N/A       5%          5
h - Summon Small Mammal   Summ           100%       N/A       1%          1

Your spell library contained the following spells:

 Spells                   Type           Power      Damage    Failure   Level
 Apportation              Tloc           98%        N/A       1%          1
 Shock                    Conj/Air       100%       1d9       1%          1
 Call Imp                 Summ           58%        N/A       1%          2
 Necrotise                Necr           44%        1d6       5%          1
 Scorch                   Fire           22%        2d6       9%          2
 Gell's Gravitas          Tloc           49%        N/A       1%          3
 Lesser Beckoning         Tloc           49%        N/A       1%          3
 Swiftness                Air            43%        N/A       1%          3
 Teleport Other           Tloc           49%        N/A       1%          3
 Passage of Golubria      Tloc           49%        N/A       1%          4
 Airstrike                Air            21%        2d(4-20)  3%          4
 Leda's Liquefaction      Hex/Erth       19%        N/A       4%          4
 Lee's Rapid Deconstruct  Erth           21%        3d13*     9%          5
 Silence                  Hex/Air        19%        N/A       13%         5
 Flame Wave               Conj/Fire      11%        2d6       50%         4
 Lehudib's Crystal Spear  Conj/Erth      13%        10d5      100%        8


Dungeon Overview and Level Annotations

Branches:
Dungeon (15/15)            Temple (1/1) D:6            Lair (5/5) D:9
  Swamp (0/4) Lair:3       Spider (1/4) Lair:3        Slime (0/5) Lair:4
    Orc (2/2) D:9             Elf (0/3) Orc:2        Vaults (0/5) D:14
 Depths (0/4) D:15         Bailey (visited)

Altars:
Ashenzari
Cheibriados
Dithmenos
Elyvilon
Fedhas
Gozag
Hepliaklqana
Makhleb
Nemelex Xobeh
Okawaru
Qazlal
Ru
Sif Muna
Trog
Uskayaw
Vehumet
Wu Jian
Xom
Yredelemnul
Zin
The Shining One
Jiyva

Shops:
D:1 ([*   D:7 *   D:11 *   Orc:2 :!?:   Lair:1 !=   Lair:4 ?

Annotations:
D:3 exclusion: door
D:7 2 transporters
Lair:1 2 transporters
Lair:4 exclusion: oklob plant
Spider:1 Mlioglotl, Nikola


Innate Abilities, Weirdness & Mutations

You are a living statue of rough stone.
Your actions are slow, but your melee attacks are powerful.
You are resistant to unholy torment.
Your maximum health is greatly increased.
You are immune to poison.
You have sharp claws.
You have razor-sharp teeth.
You have supernaturally acute eyesight. (SInv)
((You cover ground quickly. (Speed+)))
((Your thick and shaggy fur keeps you warm. (AC +3, rC+)))
Your paws help you pounce on unaware monsters.
You are incapable of wielding weapons or throwing items.
You cannot wear armour.
You gain extra lives every three experience levels.


Message History

Confirm with . or Enter, or press ? or * to list all spells.
The spell is quite dangerous to miscast (14% risk of failure)!
Continue anyway?
You extend your transformation's duration.
A culicivora comes into view.
Casting: Statue Form (quite dangerous; 14% risk of failure)
Confirm with . or Enter, or press ? or * to list all spells.
A jumping spider comes into view.
The jumping spider's many legs skitter faintly.
You claw the culicivora!
The culicivora is heavily wounded.
The culicivora completely misses you.
Your cactus giant completely misses the culicivora.
The culicivora bites you but does no damage.
You scratch the culicivora but do no damage.
The culicivora is heavily wounded.
An orb spider comes into view.
The culicivora misses you.
The jumping spider leaps!
The culicivora bites you!
You barely miss the culicivora.
The orb spider's many legs skitter faintly.
You bite the culicivora.
The culicivora is heavily wounded.
The culicivora closely misses you.
Your cactus giant hits the culicivora with a +0 giant spiked club!
The culicivora misses you.
You claw the culicivora!
You kill the culicivora!
The orb spider spins a strand of pure energy.
Casting: Summon Cactus Giant (dangerous; 9% risk of failure)
Confirm with . or Enter, or press ? or * to list all spells.
Space momentarily warps into an impossible shape!
You scratch the jumping spider. You claw the orb spider!
The jumping spider leaps!
The orb spider weaves a glowing orb of energy.
An orb of destruction comes into view.
Casting: Manifold Assault (dangerous; 5% risk of failure)
Confirm with . or Enter, or press ? or * to list all spells.
Space momentarily warps into an impossible shape!
You scratch the orb spider. The orb of destruction hits you!!!!
Ouch! That really hurt!
You die...

.... .... ...^ ##### #... ##
#### ##...# .... .##
##..s.#....# .### ..#
#.....##..##### ###.. .#
..sC○○.......^### #.#.. .####
#..○8.......#.###.... "#..#
##...##.#..##... #... ....#
##..####..#....##... ...##
### ##.#.....##......##
..^.####.##
#####....####......#
##....##..####.....#...#
#....###
#.#...#...##......#..##
#....# # ####....#
##.....#.## #....##.
#....###.#..#..#######....#..


You could see an orb spider (ally target), a jumping spider and a friendly
cactus giant (summoned).

Vanquished Creatures
  A centaur warrior (Orc:1)
  A two-headed ogre (Orc:2)
  3 orb spiders (Spider:1)
  2 wolf spiders (Spider:1)
  A demonic crawler (Spider:1)
  A nameless horror (Lair:3)
  A tarantella (Spider:1)
  3 jumping spiders (Spider:1)
  4 culicivoras (Spider:1)
  8 redbacks
  2 wargs
  8 orc warriors
  A centaur (Orc:2)
  12 electric eels
  An orc wizard (Orc:2)
  4 orcs (Orc:2)
  A goblin (D:2)
  4 bats
  A rat (D:3)
59 creatures vanquished.

Vanquished Creatures (collateral kills)
  An orc warlord (Orc:1)
  An entropy weaver (Spider:1)
  Josephine (D:10)
  A rakshasa (D:15)
  A boulder beetle (D:13)
  2 hydras
  2 centaur warriors
  A catoblepas (D:14)
  2 death yaks (Lair:2)
  Urug (Lair:5)
  Nergalle (D:12)
  A skeletal warrior (D:14)
  A glowing orange brain (D:15)
  A steelbarb worm (Spider:1)
  A deep elf archer (D:14)
  2 orc knights
  4 deep elf pyromancers
  2 orc sorcerers (Orc:1)
  A deep elf zephyrmancer (D:14)
  11 ugly things
  A manticore (D:14)
  4 cyclopes
  3 torpor snails (Lair:3)
  2 black mambas (Lair:4)
  3 cane toads
  4 centaur skeletons (D:14)
  A gargoyle (D:11)
  5 rime drakes
  10 komodo dragons
  4 yaktaurs (D:14)
  An efreet (D:13)
  Psyche (D:8)
  2 demonic crawlers (Spider:1)
  6 trolls
  4 meliai
  A tarantella (Spider:1)
  2 polar bears
  A hornet (Lair:5)
  15 blink frogs
  6 slime creatures (D:15)
  4 dream sheep (Lair:4)
  A snapping turtle (Lair:5)
  2 shadows
  A vampire (D:12)
  3 wraiths
  A water elemental (D:11)
  2 wyverns
  21 yaks
  A golden eye (shapeshifter) (D:15)
  2 steam dragons
  2 basilisks (Lair:4)
  5 redbacks
  15 vampire mosquitoes
  Menkaure (D:4)
  2 wargs (Orc:2)
  2 acid dragons
  3 swamp worms (Lair:3)
  6 water moccasins
  An ice beast (D:7)
  A black bear (D:8)
  26 orc warriors
  5 ogres
  7 wolves
  10 centaurs
  A phantom (D:6)
  2 kobold brigands
  A necrophage (D:3)
  8 bullfrogs
  5 scorpions
  13 wights
  9 killer bees
  4 howler monkeys
  2 electric eels (D:11)
  5 jellies
  A gnoll bouda (Orc:1)
  7 hounds
  8 orc priests
  8 iguanas
  Terence (D:3)
  16 orc wizards
  2 hell rats (Lair:5)
  5 gnolls
  6 adders
  A shadow imp (D:6)
  A white imp (D:7)
  An ufetubus (D:6)
  2 worms (D:3)
  2 dart slugs (D:1)
  57 orcs
  9 ball pythons
  11 bats
  11 endoplasms
  4 giant cockroaches
  7 hobgoblins
  10 jackals
  13 kobolds
  2 quokkas
  5 frilled lizards
  10 goblins
  6 rats
494 creatures vanquished.

Vanquished Creatures (others)
  A very ugly thing (D:15)
  The ghost of Luuwnalu the Nimble, a journeyman KoHu of Okawaru (Lair:3)
  Snorg (D:12)
  Harold (D:10)
  A boulder beetle (D:10)
  A centaur warrior (D:14)
  5 hydras
  3 two-headed ogres
  A death yak (Lair:2)
  An orc knight (Orc:2)
  7 ugly things
  Maggie (D:10)
  A torpor snail (Spider:1)
  A gargoyle (D:11)
  2 cane toads (Lair:2)
  2 demonic crawlers (Spider:1)
  A kobold demonologist (D:13)
  2 meliai
  4 trolls
  4 slime creatures (D:12)
  3 blink frogs
  A dream sheep (Lair:4)
  Sigmund (D:3)
  2 wraiths (D:10)
  16 yaks
  A wyvern (D:10)
  2 vampire mosquitoes (D:14)
  A redback (Spider:1)
  An acid dragon (D:13)
  Edmund (D:4)
  A water moccasin (D:11)
  8 orc warriors
  3 wolves
  2 centaurs (Orc:2)
  4 wights
  A jelly (D:7)
  A hound (D:9)
  A gnoll bouda (D:10)
  An orc wizard (D:10)
  4 hell rats (Lair:5)
  2 orcs (Orc:2)
  A bat (Orc:2)
  A bush (D:15)
  47 fungi
  51 plants
  3 toadstools (D:8)
201 creatures vanquished.

Grand Total: 754 creatures vanquished

Notes
Turn   | Place    | Note
-------+----------+-------------------------------------------
     0 | D:1      | MacCMillion the Felid Summoner began the quest for the Orb.
     0 | D:1      | Reached XP level 1. HP: 7/7 MP: 4/4
    17 | D:1      | Found a faded altar of an unknown god.
    55 | D:1      | Found Mebate's General Store.
    87 | D:1      | Got Plato's Spellbook of the Barrage
   274 | D:1      | Reached XP level 2. HP: 11/11 MP: 3/6
   414 | D:1      | Found Jih Ustri's Antique Armour Emporium.
  1112 | D:1      | Reached XP level 3. HP: 14/14 MP: 2/8
  1120 | D:1      | Learned a level 3 spell: Call Canine Familiar
  1216 | D:1      | Found Meedox's Weapon Boutique.
  2454 | D:2      | Reached XP level 4. HP: 18/18 MP: 5/9
  2510 | D:2      | Learned a level 3 spell: Summon Guardian Golem
  2616 | D:2      | Reached skill level 5 in Summonings
  2882 | D:3      | Noticed Terence
  2931 | D:3      | Killed Terence
  2932 | D:3      | Reached skill level 1 in Hexes
  3034 | D:3      | Found a shimmering blue altar of Sif Muna.
  3687 | D:3      | Noticed Sigmund
  3728 | D:3      | Killed Sigmund
  3729 | D:3      | Reached XP level 5. HP: 21/21 MP: 11/11
  3729 | D:3      | Gained mutation: You are covered in thick fur. (AC +2)
                  | [Felid growth]
  3729 | D:3      | Reached XP level 6. HP: 24/24 MP: 12/12
  4051 | D:4      | Noticed Menkaure
  4102 | D:4      | Noticed a yak
  4102 | D:4      | Noticed a yak
  4102 | D:4      | Noticed a yak
  4102 | D:4      | Noticed a yak
  4102 | D:4      | Noticed a yak
  4102 | D:4      | Noticed a yak
  4148 | D:3      | Killed a yak
  4149 | D:3      | Reached skill level 1 in Fighting
  4149 | D:3      | Reached skill level 3 in Dodging
  4152 | D:3      | Killed a yak
  4153 | D:3      | Reached XP level 7. HP: 25/29 MP: 8/14
  4985 | D:3      | Reached skill level 4 in Dodging
  4985 | D:3      | Reached skill level 5 in Hexes
  5220 | D:4      | Killed Menkaure
  5651 | D:3      | Killed a yak
  5652 | D:3      | Reached skill level 5 in Dodging
  5652 | D:3      | Reached skill level 5 in Spellcasting
  5652 | D:3      | Reached XP level 8. HP: 34/34 MP: 11/16
  5763 | D:3      | Reached skill level 6 in Dodging
  5974 | D:4      | Noticed Edmund
  5991 | D:4      | Killed Edmund
  6268 | D:4      | Found a glowing silver altar of Zin.
  6338 | D:4      | Learned a level 4 spell: Summon Lightning Spire
  6359 | D:5      | Entered Level 5 of the Dungeon
  6785 | D:5      | Noticed a two-headed ogre
  6800 | D:5      | Reached skill level 1 in Air Magic
  6818 | D:5      | Killed a two-headed ogre
  6819 | D:5      | Reached XP level 9. HP: 37/39 MP: 12/19
  7236 | D:6      | Found a staircase to the Ecumenical Temple.
  7258 | Temple   | Entered the Ecumenical Temple
  7307 | Temple   | Became a worshipper of Gozag Ym Sagoz the Greedy
  7491 | D:6      | Reached skill level 7 in Dodging
  7747 | D:6      | Found a shadowy altar of Dithmenos.
  8583 | D:7      | Found Fenn's Assorted Antiques.
  8694 | D:1      | Bought a scroll of torment for 104 gold pieces
  8694 | D:1      | Bought a scroll of identify for 22 gold pieces
  8694 | D:1      | Bought a scroll of immolation for 44 gold pieces
  8694 | D:1      | Bought a scroll of poison for 44 gold pieces
  8848 | D:7      | Reached skill level 5 in Fighting
  9196 | D:7      | Found a transporter.
  9688 | D:7      | HP: 2/40 [poisoned by a killer bee]
 10442 | D:7      | Found a snail-covered altar of Cheibriados.
 11163 | D:7      | Found a transporter.
 11511 | D:8      | Found an ornate altar of the Wu Jian Council.
 11522 | D:8      | Found a flagged portal.
 11581 | Bailey   | Entered a bailey
 11715 | Bailey   | Reached skill level 8 in Dodging
 11715 | Bailey   | Reached XP level 10. HP: 44/44 MP: 4/21
 11847 | Bailey   | Shot with a bolt by an orc warrior
 11848 | Bailey   | Reached XP level 9. HP: -4/40 MP: 17/20
 12384 | Bailey   | Reached skill level 5 in Air Magic
 12826 | Bailey   | Noticed an orc knight
 13347 | D:8      | Noticed Psyche
 13364 | D:8      | Killed Psyche
 13490 | D:8      | Learned a level 2 spell: Blink
 13559 | D:8      | Reached skill level 1 in Translocations
 13584 | D:8      | Found a broken altar of Ashenzari.
 13585 | D:8      | Found a shimmering altar of Xom.
 13586 | D:8      | Found a hazy altar of Hepliaklqana.
 13855 | D:8      | Found a basalt altar of Yredelemnul.
 13869 | D:8      | Identified the +3 scimitar of Kismet {speed, Dex+3}
 14232 | D:9      | Found the amulet of Vitality {RegenMP++ Regen++}
 14232 | D:9      | Found a staircase to the Orcish Mines.
 14672 | D:9      | Reached XP level 10. HP: 44/45 MP: 13/21
 15044 | D:9      | Reached skill level 9 in Dodging
 15875 | D:9      | Found a staircase to the Lair.
 16088 | D:10     | Entered Level 10 of the Dungeon
 16117 | D:10     | Noticed Harold
 16143 | D:10     | Killed Harold
 16398 | D:10     | Noticed a boulder beetle
 16399 | D:10     | Noticed an eight-headed hydra
 16409 | D:10     | Killed an eight-headed hydra
 16412 | D:10     | Reached XP level 11. HP: 50/50 MP: 23/23
 16431 | D:10     | Killed a boulder beetle
 16432 | D:10     | Reached skill level 10 in Dodging
 16508 | D:10     | Found a hazy altar of Hepliaklqana.
 16708 | D:10     | Noticed a two-headed ogre
 16709 | D:10     | Noticed Maggie
 17023 | D:10     | Killed a two-headed ogre
 17045 | D:10     | Killed Maggie
 17314 | D:10     | You are sucked into a shaft and drop 1 floor!
 17607 | D:11     | Found Yddu's Serpentskin Sales.
 18077 | D:11     | Reached skill level 10 in Summonings
 18429 | D:11     | Reached skill level 11 in Dodging
 18806 | D:11     | Noticed a six-headed hydra
 18824 | D:11     | Killed a six-headed hydra
 19191 | D:10     | Noticed Josephine
 19247 | Lair:1   | Entered Level 1 of the Lair of Beasts
 19322 | Lair:1   | Found a transporter.
 19326 | Lair:1   | Noticed a fire crab
 19420 | Lair:1   | Found a transporter.
 19476 | Lair:1   | Gained mutation: Your thick and shaggy fur keeps you warm.
                  | (AC +3, rC+) [Felid growth]
 19476 | Lair:1   | Reached XP level 12. HP: 45/56 MP: 24/26
 20057 | Lair:2   | Reached skill level 12 in Dodging
 20199 | Lair:2   | Noticed a death yak
 20199 | Lair:2   | Noticed a death yak
 20199 | Lair:2   | Noticed a death yak
 20675 | Lair:2   | Killed a death yak
 20680 | Lair:2   | Killed a death yak
 20693 | Lair:2   | Killed a death yak
 21519 | Lair:3   | Noticed an eight-headed hydra
 21546 | Lair:3   | Killed an eight-headed hydra
 21547 | Lair:3   | Reached skill level 13 in Dodging
 21547 | Lair:3   | Reached skill level 10 in Spellcasting
 21698 | Lair:3   | Found a hole to the Spider Nest.
 21829 | Lair:3   | Found a large runed translucent door.
 21829 | Lair:3   | Found a large runed translucent door.
 21836 | Lair:3   | Noticed Luuwnalu's ghost (journeyman KoHu)
 21952 | Lair:3   | Reached skill level 10 in Fighting
 22046 | Lair:3   | Learned a level 6 spell: Statue Form
 22125 | Lair:3   | Reached skill level 1 in Transmutations
 22384 | Lair:3   | Found a snail-covered altar of Cheibriados.
 22554 | Lair:3   | Noticed a seven-headed hydra
 22567 | Lair:3   | Killed a seven-headed hydra
 22653 | Lair:3   | Found a staircase to the Swamp.
 23002 | Lair:3   | Killed Luuwnalu's ghost
 23414 | Lair:4   | Reached skill level 14 in Dodging
 23480 | Lair:4   | Found a staircase to the Slime Pits.
 23481 | Lair:4   | Found a viscous altar of Jiyva.
 23529 | Lair:4   | Reached XP level 13. HP: 55/62 MP: 28/28
 24157 | Lair:5   | Entered Level 5 of the Lair of Beasts
 24252 | Lair:5   | Noticed Urug
 24433 | Lair:4   | Reached skill level 5 in Transmutations
 25714 | Lair:5   | Killed Urug
 25785 | Lair:5   | Reached skill level 15 in Dodging
 26469 | Orc:1    | Entered Level 1 of the Orcish Mines
 27028 | Orc:1    | Found a bloodstained altar of Trog.
 27222 | Orc:1    | Found a frozen archway.
 27294 | Orc:2    | Entered Level 2 of the Orcish Mines
 27346 | Orc:2    | Noticed an orc warlord
 27498 | Orc:2    | Found a staircase to the Elven Halls.
 27543 | Orc:2    | Reached skill level 1 in Earth Magic
 28556 | D:10     | Killed Josephine
 28664 | D:10     | Found a hazy altar of Hepliaklqana.
 29163 | D:12     | Noticed Nergalle
 29580 | D:12     | Noticed Snorg
 29589 | D:12     | Killed Snorg
 29614 | D:12     | Killed Nergalle
 30241 | D:12     | Reached XP level 14. HP: 62/68 MP: 20/29
 30559 | D:13     | Found a shimmering altar of Xom.
 30878 | D:13     | Found a shimmering altar of Xom.
 30878 | D:13     | Found a shimmering altar of Xom.
 30878 | D:13     | Found a shimmering altar of Xom.
 30879 | D:13     | Found a shimmering altar of Xom.
 30879 | D:13     | Found a shimmering altar of Xom.
 30879 | D:13     | Found a shimmering altar of Xom.
 31195 | D:13     | Reached skill level 5 in Earth Magic
 33380 | D:14     | Reached skill level 10 in Transmutations
 33868 | D:14     | Found a gate to the Vaults.
 33919 | D:15     | Entered Level 15 of the Dungeon
 34637 | D:15     | Found a white marble altar of Elyvilon.
 34775 | D:15     | Identified the +0 robe "Doimiyrph" {rPois Int+3}
 34880 | D:15     | Noticed a cyan very ugly thing
 34961 | D:15     | Killed a cyan very ugly thing
 35123 | D:15     | Found a staircase to the Depths.
 35593 | Orc:1    | Killed an orc warlord
 35644 | Orc:1    | Learned a level 5 spell: Manifold Assault
 35808 | Orc:1    | Reached skill level 5 in Translocations
 35857 | Orc:2    | Reached XP level 15. HP: 68/72 MP: 6/30
 36491 | Orc:2    | Found Tuboq's Distillery.
 36491 | Orc:2    | Found Daarch Oggiha's Magic Scroll Shop.
 36493 | Orc:2    | Found Pabbuaci's Book Boutique.
 36495 | Orc:2    | Found Ikamiva's Book Shoppe.
 36517 | Orc:2    | Bought a book of Scorching for 390 gold pieces
 36735 | Orc:2    | Learned a level 6 spell: Summon Cactus Giant
 37211 | Spider:1 | Entered Level 1 of the Spider Nest
 37211 | Spider:1 | Noticed Nikola
 37503 | Spider:1 | Killed from afar by Nikola
 37504 | Spider:1 | Reached XP level 14. HP: -14/88 MP: 29/29
 37646 | Spider:1 | Noticed Mlioglotl
 37649 | Spider:1 | Noticed a starcursed mass
 37658 | Spider:1 | Slain by an entropy weaver
 37659 | Spider:1 | Reached XP level 13. HP: 2/83 MP: 28/28
 38228 | Spider:1 | Blown up by an orb spider

Illustrated notes

Levels and vault maps discovered:
D:1:      dpeg_arrival_tiny_i, layout_loops_cross, serial_shops, shop,
          nicolae_shop_statue_plus, nicolae_shop_advertising_works
          [nicolae_subvault_shop_adworks], shapermc_ecumenical_altar_rom_forum,
          nicolae_grassy_gnolls
D:2:      layout_rooms, chequers_serial_rivers_small_b, st_stairs_9,
          minmay_misc_feat_tower, kennysheep_pointless_box
D:3:      minmay_door_path, layout_loops_cross, led_sif_book, uniq_sigmund,
          uniq_terence
D:4:      layout_cave_pools, zin_scriptorium, uniq_edmund, uniq_menkaure
D:5:      layout_basic
D:6:      layout_basic, grunt_dithmenos_smoke_and_mirrors,
          minmay_temple_entry_junction_2
D:7:      layout_rooms, lemuel_crystal_altar, gammafunk_ghost_abyssal_escape,
          serial_shops, nicolae_stop_n_shop_2, uniq_crazy_yiuf_cottage
D:8:      layout_loops_ring, mainiacjoe_overflow_paths,
          grunt_temple_overflow_open, enter_bailey_3, minmay_gold_behind_fungi,
          uniq_psyche
D:9:      layout_basic, erik_lair_island
D:10:     layout_roguey, minmay_ruined_shrine, uniq_maggie, uniq_josephine,
          uniq_harold
D:11:     erik_rubicon_b, layout_loops_ring, guppyfry_shop_venom
D:12:     layout_cave_pools, uniq_nergalle, uniq_snorg
D:13:     layout_roguey, xom_shifter_show
D:14:     layout_roguey, hangedman_vaults_entry_quadrant_bands
D:15:     gammafunk_enter_depths_forms, layout_basic, elyvilon_altar_1,
          minmay_crystal_water
Temple:   dshaligram_water_room_temple
Lair:1:   gammafunk_cloud_chamber, layout_misc_corridors
Lair:2:   layout_loops_ring, chequers_serial_rivers_room_a, grunt_megastairs_4
Lair:3:   layout_roguey, palyth_hydra_swamp_entry, spider_nest_entry_web_field,
          ebering_ghost_disaster_area, kennysheep_snail_temple,
          lemuel_fruit_tree
Lair:4:   layout_hall_layers, slime_entry_1, infiniplex_staircase_pool_2,
          serial_bayou_shore_a
Lair:5:   gammafunk_lair_ancient_temple, layout_gridlike,
          ebering_ghost_funeral_grove, uniq_urug
Spider:1: layout_spider_delve, nicolae_spider_webbed_stairs, uniq_nikola,
          uniq_mlioglotl, uniq_asterion
Orc:1:    layout_diamond_mine, portal_ice_cave_entry_pillars_1,
          hangedman_feature_mirror, trog_butcher_becter
Orc:2:    st_orc_rangers, layout_caves, roderic_batcave

Skill      XL: |  1  2  3  4  5  6  7  8  9 10 11 12 13 14 15 |
---------------+----------------------------------------------+-----
Spellcasting   | 3 4 5 6 7 9 10 | 10.0
Summonings     | 5 6 7 8 9 10 11 | 11.1
Hexes          | 3 4 5 |  5.0
Fighting       | 1 2 4 6 7 8 10 11 | 11.8
Dodging        | 3 5 6 8 9 11 14 15 | 15.3
Air Magic      | 2 5 6 7 |  7.0
Translocations | 3 4 8 7 |  8.3
Transmutations | 3 8 12 | 12.9
Earth Magic    | 4 7 |  7.0
Stealth        | |  2.6

Action                   |  1- 3 |  4- 6 |  7- 9 | 10-12 | 13-15 || total
-------------------------+-------+-------+-------+-------+-------++-------
Melee: Unarmed           |    10 |     9 |     5 |     2 |   314 ||   340
       Bite              |     2 |     1 |       |       |    49 ||    52
       Punch             |       |       |       |       |     3 ||     3
 Cast: Summon Small Mamm |    56 |     2 |     3 |     1 |     2 ||    64
       Call Canine Famil |     6 |    13 |    77 |    70 |   123 ||   289
       Summon Guardian G |       |     3 |    54 |    66 |   111 ||   234
       Summon Lightning  |       |       |    29 |    72 |   177 ||   278
       Blink             |       |       |     1 |       |     1 ||     2
       Manifold Assault  |       |       |       |       |    52 ||    52
       Statue Form       |       |       |       |       |    31 ||    31
       Summon Cactus Gia |       |       |       |       |    13 ||    13
Invok: Call Merchant     |       |       |       |     3 |       ||     3
Evoke: Wand              |       |       |     3 |    18 |     2 ||    23
       Condenser vane    |       |       |       |       |     1 ||     1
  Use: Scroll            |       |     6 |     8 |     5 |     9 ||    28
       Potion            |       |     1 |     3 |       |     2 ||     6
 Stab: Distracted        |       |       |       |       |     5 ||     5
Armor: Skin              |       |     2 |     3 |     4 |   218 ||   227
Dodge: Dodged            |    30 |    20 |   144 |    75 |  1202 ||  1471
